 Dungeon Crawl Stone Soup version 0.31.0-12-g77e489cdc1 (webtiles) character file.

Game seed: 14269092730137048403

154517 Peloso the Fencer (level 17, -12/163 HPs)
             Began as a Minotaur Fighter on Mar 1, 2024.
             Was the Champion of Okawaru.
             Killed by the raging water
             ... invoked by a water nymph
              (34 damage)
             ... on level 3 of the Shoals.
             The game lasted 01:15:05 (33004 turns).

Peloso the Fencer (Minotaur Fighter)               Turns: 33004, Time: 01:15:06

Health: -12/163    AC: 29    Str: 23    XL:     17   Next: 6%
Magic:  15/17      EV: 13    Int:  5    God:    Okawaru [******]
Gold:   2605       SH: 23    Dex: 16    Spells: 16/16 levels left

rFire   . . .        a - +4 double sword (flame)
rCold   + . .        e - +1 kite shield {AC+3}
rNeg    . . .        k - +1 plate armour {rC+}
rPois   .            (helmet restricted)
rElec   .            (no cloak)
rCorr   .            T - +0 pair of gloves {hurl}
SInv    .            W - +2 pair of boots {Fly}
Will    .....        n - amulet of reflection Stlth
                     g - +4 ring of slaying
HPRegen 0.47/turn    s - +4 ring of slaying
MPRegen 0.15/turn

%: reflection
@: weak-willed, heroic, marked, flying
A: horns 2, retaliatory headbutt
a: Renounce Religion, Heroism, Finesse, Duel, Receive Weapon, Receive Armour


You were on level 3 of the Shoals.
You worshipped Okawaru.
Okawaru was exalted by your worship.
You visited 6 branches of the dungeon, and saw 27 of its levels.
You also visited: Gauntlet and Volcano.

You collected 2605 gold pieces.

Inventory:

Hand Weapons
 a - a +4 double sword of flaming (weapon)
 b - the +5 scimitar "Woqimeck" {spect, rF+ Will+}
   (You found it on level 5 of the Lair of Beasts)

   rF+:       It protects you from fire.
   Will+:     It increases your willpower.
 c - a +1 scimitar of flaming
Missiles
 u - 4 throwing nets (quivered)
Armour
 d - the +10 tower shield of Ignorance {rN+ Int-4}
   (You found it on level 8 of the Dungeon)

   Int-4:     It affects your intelligence (-4).
   rN+:       It protects you from negative energy.
 e - a +1 kite shield of protection (worn)
 k - a +1 plate armour of cold resistance (worn)
 J - a +0 chain mail of fire resistance
 T - a +0 pair of gloves of hurling (worn)
 W - a +2 pair of boots of flying (worn)
Jewellery
 g - a +4 ring of slaying (left hand)
 n - an amulet of reflection (around neck)
 s - a +4 ring of slaying (right hand)
 F - the ring "Teomemaib" {rCorr Str+3 Int+3}
   (You found it in a Gauntlet)

   [ring of resist corrosion]

   Str+3:     It affects your strength (+3).
   Int+3:     It affects your intelligence (+3).
   rCorr:     It protects you from acid and corrosion.
 K - a ring of flight
 P - a +6 ring of intelligence
Wands
 q - a wand of roots (6)
Scrolls
 m - 2 scrolls of fear
 o - 5 scrolls of teleportation
 p - a scroll of blinking
 r - a scroll of enchant weapon
 v - a scroll of fog
 D - 6 scrolls of poison
 L - 3 scrolls of immolation
 N - a scroll of revelation
 S - a scroll of acquirement
Potions
 f - 2 potions of enlightenment
 h - a potion of lignification
 i - 4 potions of might
 j - 2 potions of berserk rage
 l - 9 potions of curing
 C - 3 potions of brilliance
 H - 4 potions of attraction {unknown}
 O - a potion of ambrosia {unknown}
 V - a potion of resistance {unknown}


   Skills:
 + Level 18.0(23.0) Fighting
 + Level 20.6(25.6) Long Blades
 + Level 16.4(21.4) Armour
 + Level 6.6(11.6) Dodging
 + Level 3.1(8.1) Stealth
 + Level 18.2(23.2) Shields
 + Level 1.5 Invocations
 + Level 1.7 Evocations


You had 16 spell levels left.
You didn't know any spells.
Your spell library contained the following spells:

 Spells                   Type           Power      Damage    Failure   Level
 Apportation              Tloc           0%         N/A       97%         1
 Necrotise                Necr           0%         1d4       97%         1
 Shock                    Conj/Air       0%         1d3       97%         1
 Sting                    Conj/Alch      0%         1d3       97%         1
 Blink                    Tloc           0%         N/A       99%         2
 Ensorcelled Hibernation  Hex/Ice        0%         N/A       99%         2
 Mercury Vapours          Alch/Air       0%         N/A       99%         2
 Scorch                   Fire           0%         2d5       99%         2
 Sublimation of Blood     Necr           0%         N/A       99%         2
 Dazzling Flash           Conj/Hex       0%         N/A       100%        3
 Fugue of the Fallen      Necr           0%         N/A       100%        3
 Inner Flame              Hex/Fire       0%         N/A       100%        3
 Mephitic Cloud           Conj/Alch/Air  0%         N/A       100%        3
 Ozocubu's Armour         Ice            0%         N/A       100%        3
 Swiftness                Air            0%         N/A       100%        3
 Teleport Other           Tloc           0%         N/A       100%        3
 Airstrike                Air            0%         2d(0-16)  100%        4
 Dimensional Bullseye     Hex/Tloc       0%         N/A       100%        4
 Flame Wave               Conj/Fire      0%         2d4       100%        4
 Ignite Poison            Fire/Alch      0%         N/A       100%        4
 Leda's Liquefaction      Alch/Erth      0%         N/A       100%        4
 Manifold Assault         Tloc           0%         N/A       100%        4
 Passage of Golubria      Tloc           0%         N/A       100%        4
 Sticky Flame             Fire/Alch      0%         2d4       100%        4
 Curse of Agony           Necr           0%         N/A       100%        5
 Freezing Cloud           Conj/Ice/Air   0%         6-21      100%        5
 Irradiate                Conj/Alch      0%         3d11      100%        5
 Lee's Rapid Deconstruct  Erth           0%         3d4*      100%        5
 Silence                  Hex/Air        0%         N/A       100%        5
 Yara's Violent Unravell  Hex/Alch       0%         3d3       100%        5
 Bombard                  Conj/Erth      0%         9d1       100%        6
 Borgnjor's Revivificati  Necr           0%         N/A       100%        8
 Ignition                 Fire           0%         3d3       100%        8
 Death's Door             Necr           0%         N/A       100%        9
 Polar Vortex             Ice            0%         N/A       100%        9
 Summon Small Mammal      Summ           Unusable   N/A       N/A         1
 Call Imp                 Summ           Unusable   N/A       N/A         2
 Tukima's Dance           Hex            Unusable   N/A       N/A         3
 Summon Cactus Giant      Summ           Unusable   N/A       N/A         6
 Haunt                    Necr/Summ      Unusable   N/A       N/A         7
 Summon Hydra             Summ           Unusable   N/A       N/A         7

Dungeon Overview and Level Annotations

Branches:
Dungeon (15/15)            Temple (1/1) D:7            Lair (5/5) D:11
 Shoals (3/4) Lair:2       Spider (1/4) Lair:2        Slime (0/5) Lair:4
    Orc (2/2) D:10            Elf (0/3) Orc:2        Vaults (0/5) D:14
 Depths (0/4) D:15        Volcano (visited)         Gauntlet (visited)

Altars:
Ashenzari
Cheibriados
Dithmenos
Elyvilon
Fedhas
Gozag
Hepliaklqana
Kikubaaqudgha
Makhleb
Nemelex Xobeh
Okawaru
Qazlal
Ru
Sif Muna
Trog
Uskayaw
Vehumet
Wu Jian
Xom
Yredelemnul
Zin
The Shining One
Jiyva
Lugonu

Shops:
D:13 *   Orc:2 =(:*[(

Portals:
Abyss: Lair:5

Annotations:
Lair:2 Casa
Shoals:3 3 runed translucent doors, lis82's ghost, adept DgIE


Innate Abilities, Weirdness & Mutations

You have a pair of horns on your head.
You reflexively headbutt those who attack you in melee.


Message History

You block the harpy's attack. x2
You slash the harpy! You burn the harpy! You headbutt the harpy!
The harpy is almost dead.
You block the harpy's attack. x2; The merfolk struggles against the net.
You block the harpy's attack. The harpy claws you but does no damage.
The sea snake bites you but does no damage.
The merfolk struggles against the net.
The merfolk misses you.
Unknown command.
You closely miss the harpy.
The harpy is almost dead.
The harpy claws you but does no damage. You block the harpy's attack.
The harpy claws you but does no damage. x2; You block the harpy's attack. x2
The harpy claws you but does no damage. x2
The merfolk hits you but does no damage.
The sea snake bites you but does no damage.
The merfolk struggles against the net.
You hit the harpy. You burn the harpy.
The harpy is almost dead.
You block the harpy's attack. x3; The harpy completely misses you.
The harpy barely misses you. The harpy claws you.
* * * LOW HITPOINT WARNING * * *
The merfolk hits you from afar with a +2 trident of flaming.
* * * LOW HITPOINT WARNING * * *
The merfolk burns you.
* * * LOW HITPOINT WARNING * * *
A snapping turtle comes into view.
The sea snake barely misses you.
The merfolk struggles against the net.
The net rips apart, and the merfolk comes free!
The merfolk hits you but does no damage.
A merfolk comes into view. It is wielding a +0 trident.
As you read the scroll of fear, it crumbles to dust.
You assume a fearsome visage.
The water nymph looks frightened!
The merfolk looks frightened!
The water nymph resists with almost no effort.
The merfolk resists with some effort.
The sea snake looks frightened!
The snapping turtle looks frightened!
The harpy looks frightened! x3
The merfolk looks frightened! x3
The water nymph points at you and mumbles some strange words.
The water rises up and strikes you!!
You die...

≈≈≈≈≈≈≈≈~~~~~~~~...
≈≈≈≈≈≈≈~~~~~~~~.^.
≈≈≈≈≈≈≈~~~~~~~...####
≈≈≈≈≈≈≈~~~~~~........
≈≈≈≈≈≈~~~~~..........
≈≈≈≈≈≈≈≈≈≈≈~~~~.H.........
≈≈≈≈≈≈≈≈≈≈≈~~†~...........
≈≈≈≈≈≈≈≈≈≈≈~~~~..~m.......
≈≈≈≈≈≈≈≈≈≈≈~~~~S@m~~...t..
≈≈≈~~~~~~≈≈≈~~~~~~~~m.....
≈≈~~~~~~~~~~~H~~m~~~~.~...
≈~~~....~~~^~~~~~^..~m~...
≈~~....†....^)..^..H^~~~.~
≈~~.#####......^.....m~~~~
≈~~.##
#.^.^...~.^....~~~~~≈≈≈
≈≈~..#
######+++#####m~~~~~~~≈
≈≈~~.####
8mmmmWmmm.8#§§~~~~~~~


You could see a sea snake (fleeing), a snapping turtle (fleeing), 5 merfolk, 2
water nymphs and 3 harpies.

Vanquished Creatures
  A kraken (Shoals:1)
  Agnes (D:15)
  A tengu reaver (D:14)
  Donald (Spider:1)
  An orc warlord (Orc:2)
  A broodmother (Spider:1)
  A minotaur (Gauntlet)
  A merfolk javelineer (Shoals:2)
  An entropy weaver (Spider:1)
  2 merfolk impalers
  A yaktaur captain (D:14)
  10 hydras
  Erolcha (D:11)
  6 ogre magi
  An ice dragon (D:14)
  A radroach (Spider:1)
  An alligator snapping turtle (Shoals:2)
  3 centaur warriors
  A merfolk avatar (Shoals:2)
  26 two-headed ogres
  12 boulder beetles
  6 tengu warriors
  6 death yaks (Lair:3)
  2 deep troll earth magi
  2 demonic crawlers (Spider:1)
  A hell knight (Volcano)
  Urug (D:11)
  3 thrashing horrors (Lair:5)
  A skeletal warrior (D:15)
  A salamander mystic (Volcano)
  Sonja (D:12)
  4 skysharks
  A pharaoh ant (Spider:1)
  6 sea snakes
  A deep troll (D:14)
  4 orc knights
  A steelbarb worm (Spider:1)
  17 harpies
  4 orange crystal statues (D:8)
  2 deep elf pyromancers
  2 wolf spiders (Spider:1)
  4 orc sorcerers (Orc:2)
  A necromancer (Gauntlet)
  3 ugly things
  An oklob plant (Lair:2)
  5 salamanders (Volcano)
  7 manticores
  8 cyclopes
  2 moths of wrath
  A faun (Shoals:1)
  A meliai (shapeshifter) (D:15)
  3 meliai (D:15)
  2 kobold blastminers (Orc:1)
  5 merfolk sirens
  7 black mambas
  2 water nymphs
  A molten gargoyle (Lair:4)
  A black mamba (shapeshifter) (D:13)
  A smoke demon (Lair:5)
  A gargoyle (D:12)
  2 torpor snails
  13 cane toads
  3 rime drakes
  4 large abominations
  10 komodo dragons
  2 yaktaurs (D:14)
  A tengu conjurer (D:14)
  7 trolls
  An efreet (D:13)
  14 merfolk
  2 polar bears (shapeshifter)
  A guardian serpent (shapeshifter) (D:14)
  2 wind drakes
  A dream sheep (Lair:4)
  6 tarantellas (Spider:1)
  2 hornets (D:10)
  6 polar bears
  2 raiju (Lair:5)
  43 blink frogs
  A raiju (shapeshifter) (D:13)
  6 snapping turtles
  10 jumping spiders (Spider:1)
  5 slime creatures
  A shadow (D:7)
  2 culicivoras (Spider:1)
  12 small abominations
  A ynoxinul (Lair:5)
  4 wyverns
  4 vampires
  5 wraiths
  41 yaks
  6 water elementals
  A basilisk (shapeshifter) (Lair:5)
  2 wargs
  6 basilisks
  A steam dragon (D:7)
  8 redbacks
  2 chaos spawn (Lair:5)
  A vampire mosquito (D:13)
  Edmund (D:5)
  An acid dragon (D:13)
  11 water moccasins
  An ice beast (D:6)
  15 orc warriors
  A laughing skull (D:14)
  A sky beast (D:6)
  2 black bears
  3 centaurs
  33 ogres
  7 wolves
  A phantom (D:3)
  6 kobold brigands
  15 bullfrogs
  3 gnoll sergeants
  A necrophage (D:7)
  8 scorpions
  7 wights
  19 killer bees
  5 electric eels
  8 howler monkeys
  7 hounds
  A jelly (D:5)
  2 gnoll boudas (D:8)
  9 orc priests
  6 iguanas
  21 orc wizards
  A hound skeleton (D:7)
  4 adders
  30 gnolls
  A shadow imp (D:4)
  2 white imps
  2 ufetubi (D:7)
  2 dart slugs
  3 ribbon worms
  57 orcs
  6 ball pythons
  9 bats
  5 endoplasms
  3 giant cockroaches
  5 goblins
  4 hobgoblins
  3 jackals (D:4)
  26 kobolds
  3 quokkas
  3 training dummies (Orc:2)
  2 frilled lizards
  8 rats
  A butterfly (Lair:2)
  4 tentacles (Shoals:1)
816 creatures vanquished.

Vanquished Creatures (others)
  A manticore (Shoals:2)
  An orc wizard (Orc:2)
  5 tentacles (Shoals:1)
7 creatures vanquished.

Grand Total: 823 creatures vanquished

Notes
Turn   | Place    | Note
-------+----------+-------------------------------------------
     0 | D:1      | Peloso the Minotaur Fighter began the quest for the Orb.
     0 | D:1      | Reached XP level 1. HP: 19/19 MP: 0/0
   137 | D:1      | Reached XP level 2. HP: 27/27 MP: 1/1
   518 | D:1      | Reached skill level 3 in Long Blades
   660 | D:1      | Identified a scroll of acquirement
   660 | D:1      | Acquired a +0 double sword of flaming
   772 | D:2      | Reached XP level 3. HP: 23/33 MP: 2/2
  1054 | D:2      | Found a faded altar of an unknown god.
  1173 | D:3      | Found a sparkling altar of Nemelex Xobeh.
  1197 | D:3      | Found an ancient bone altar of Kikubaaqudgha.
  1225 | D:3      | Reached XP level 4. HP: 40/40 MP: 3/3
  1242 | D:3      | You fall into a shaft and drop 3 floors!
  1252 | D:6      | Reached skill level 4 in Long Blades
  1462 | D:6      | Noticed a black bear
  1473 | D:6      | Killed a black bear
  1474 | D:6      | Reached skill level 5 in Long Blades
  1474 | D:6      | Reached skill level 1 in Dodging
  1474 | D:6      | Reached XP level 5. HP: 37/46 MP: 4/4
  1568 | D:5      | Entered Level 5 of the Dungeon
  1620 | D:5      | Reached XP level 6. HP: 49/53 MP: 5/5
  1680 | D:4      | Reached skill level 6 in Long Blades
  1691 | D:4      | Reached skill level 5 in Armour
  2047 | D:3      | Found a shimmering altar of Xom.
  2138 | D:4      | Reached XP level 7. HP: 60/60 MP: 6/6
  2223 | D:4      | Reached skill level 5 in Fighting
  2223 | D:4      | Reached skill level 7 in Long Blades
  2659 | D:4      | Found a bloodstained altar of Trog.
  2717 | D:5      | Found an ornate altar of the Wu Jian Council.
  2740 | D:5      | Found a glowing golden altar of the Shining One.
  2756 | D:5      | Found an opulent altar of Gozag.
  3016 | D:5      | Reached skill level 8 in Long Blades
  3116 | D:5      | Reached skill level 5 in Shields
  3116 | D:5      | Reached XP level 8. HP: 47/68 MP: 7/7
  3241 | D:5      | Noticed Edmund
  3253 | D:5      | Killed Edmund
  3776 | D:5      | Reached skill level 9 in Long Blades
  4147 | D:7      | Found a staircase to the Ecumenical Temple.
  4160 | Temple   | Entered the Ecumenical Temple
  4170 | Temple   | Became a worshipper of Warmaster Okawaru
  4219 | D:7      | Reached skill level 10 in Long Blades
  4268 | D:7      | Reached XP level 9. HP: 43/75 MP: 8/8
  4275 | D:7      | Reached * piety under Okawaru
  4573 | D:7      | HP: 1/106 [wight/+1 battleaxe (8)]
  4843 | D:7      | Reached skill level 11 in Long Blades
  5091 | D:7      | Noticed a troll
  5109 | D:7      | Killed a troll
  5405 | D:7      | Found a burning altar of Makhleb.
  5960 | D:8      | Reached ** piety under Okawaru
  6316 | D:8      | Found the +10 tower shield of Ignorance {rN+ Int-4}
  6323 | D:8      | Found a runed translucent door.
  6324 | D:8      | Noticed an orange crystal statue
  6344 | D:8      | Found a runed translucent door.
  6686 | D:9      | Reached skill level 12 in Long Blades
  6694 | D:9      | Reached XP level 10. HP: 88/88 MP: 9/9
  6742 | D:9      | Reached *** piety under Okawaru
  6777 | D:9      | Found a shimmering blue altar of Sif Muna.
  7403 | D:9      | Found a shadowy altar of Dithmenos.
  7571 | D:10     | Entered Level 10 of the Dungeon
  7587 | D:10     | Reached skill level 13 in Long Blades
  7824 | D:10     | Reached **** piety under Okawaru
  8026 | D:10     | Noticed a boulder beetle
  8026 | D:10     | Noticed a manticore
  8028 | D:10     | Noticed a tengu warrior
  8040 | D:10     | Killed a boulder beetle
  8041 | D:10     | Reached skill level 10 in Armour
  8043 | D:10     | Killed a manticore
  8139 | D:10     | Found a staircase to the Orcish Mines.
  8159 | D:10     | Noticed a tengu warrior
  8168 | D:10     | Killed a tengu warrior
  8168 | D:10     | Reached ***** piety under Okawaru
  8168 | D:10     | Received a gift from Okawaru
  8169 | D:10     | Reached XP level 11. HP: 50/97 MP: 10/10
  8366 | D:10     | Killed a tengu warrior
  8367 | D:10     | Reached skill level 1 in Stealth
  8396 | D:10     | Noticed a boulder beetle
  8407 | D:10     | Killed a boulder beetle
  8408 | D:10     | Reached skill level 14 in Long Blades
  9206 | D:11     | Noticed Urug
  9219 | D:11     | Killed Urug
  9220 | D:11     | Reached skill level 10 in Fighting
  9374 | D:11     | Noticed a boulder beetle
  9374 | D:11     | Noticed a two-headed ogre
  9386 | D:11     | Killed a two-headed ogre
  9392 | D:11     | Killed a boulder beetle
  9645 | D:11     | Noticed a two-headed ogre
  9654 | D:11     | Killed a two-headed ogre
  9878 | D:11     | Found a staircase to the Lair.
 10151 | D:11     | Noticed Erolcha
 10161 | D:11     | Killed Erolcha
 10162 | D:11     | Reached skill level 15 in Long Blades
 10353 | Lair:1   | Entered Level 1 of the Lair of Beasts
 10613 | Lair:1   | Received a gift from Okawaru
 10617 | Lair:1   | Reached XP level 12. HP: 90/108 MP: 11/11
 10920 | Lair:1   | Noticed an eight-headed hydra
 10926 | Lair:1   | Killed a five-headed hydra
 11334 | Lair:2   | Reached skill level 16 in Long Blades
 11383 | Lair:2   | Found a staircase to the Shoals.
 11800 | Lair:2   | Found a basalt altar of Yredelemnul.
 11822 | Lair:2   | Reached skill level 5 in Dodging
 11826 | Lair:2   | Reached ****** piety under Okawaru
 12132 | Lair:2   | Found a hole to the Spider Nest.
 12134 | Lair:2   | Received a gift from Okawaru
 12161 | Lair:2   | Got the Teachings on Impurities
 12277 | Lair:2   | Reached skill level 10 in Shields
 12891 | Lair:3   | Noticed a death yak
 12892 | Lair:3   | Noticed a death yak
 12892 | Lair:3   | Noticed a death yak
 12892 | Lair:3   | Noticed a death yak
 12892 | Lair:3   | Noticed a death yak
 12892 | Lair:3   | Noticed a death yak
 12909 | Lair:3   | Killed a death yak
 12910 | Lair:3   | Reached skill level 17 in Long Blades
 12911 | Lair:3   | Killed a death yak
 12913 | Lair:3   | Killed a death yak
 12916 | Lair:3   | Killed a death yak
 12916 | Lair:3   | Received a gift from Okawaru
 12919 | Lair:3   | Killed a death yak
 12920 | Lair:3   | Reached XP level 13. HP: 99/118 MP: 12/12
 14308 | D:12     | Received a gift from Okawaru
 14364 | D:12     | HP: 3/119 [two-headed ogre/+0 giant club (8)]
 14364 | D:12     | HP: 1/119 [deep troll earth mage (1)]
 14647 | D:12     | Noticed Sonja
 14669 | D:12     | Killed Sonja
 14910 | D:12     | Reached skill level 1 in Invocations
 15514 | D:12     | Reached skill level 1 in Evocations
 15844 | Orc:1    | Entered Level 1 of the Orcish Mines
 16039 | Orc:2    | Entered Level 2 of the Orcish Mines
 16304 | Orc:2    | Found a staircase to the Elven Halls.
 16491 | Orc:2    | Received a gift from Okawaru
 16820 | Orc:2    | Noticed an orc warlord
 17037 | Orc:2    | Killed an orc warlord
 17165 | Orc:2    | Found Heqinoh's Jewellery Shoppe.
 17252 | Orc:2    | Reached XP level 14. HP: 66/130 MP: 13/13
 17302 | Orc:2    | Received a gift from Okawaru
 17327 | Orc:2    | Reached skill level 18 in Long Blades
 17639 | Orc:2    | Found Zeyj's Firing Range.
 17644 | Orc:2    | Paralysed by an ogre mage for 4 turns
 17931 | Orc:2    | Received a gift from Okawaru
 18075 | Orc:2    | Found Casibuh's General Store.
 18075 | Orc:2    | Found Nuaw Vyg's Antique Armour Emporium.
 18076 | Orc:2    | Found Xeamiemp's Antique Weapon Shoppe.
 18076 | Orc:2    | Found Omiq's Book Boutique.
 19052 | D:13     | Found a gate leading to a gauntlet.
 19058 | Gauntlet | Entered a Gauntlet
 19058 | Gauntlet | Found a transporter.
 19062 | Gauntlet | Found a transporter.
 19063 | Gauntlet | Found a transporter.
 19080 | Gauntlet | Found a transporter.
 19082 | Gauntlet | Found a transporter.
 19093 | Gauntlet | Found a transporter.
 19109 | Gauntlet | Found a transporter.
 19115 | Gauntlet | Found a transporter.
 19133 | Gauntlet | Noticed a cacodemon
 19134 | Gauntlet | Found a transporter.
 19138 | Gauntlet | Found a transporter.
 19165 | Gauntlet | Found a runed translucent door.
 19166 | Gauntlet | Found a transporter.
 19166 | Gauntlet | Found a transporter.
 19168 | Gauntlet | Found a runed translucent door.
 19198 | Gauntlet | Found a transporter.
 19203 | Gauntlet | Found a transporter.
 19459 | Gauntlet | Identified the ring "Teomemaib" {rCorr Str+3 Int+3}
 19495 | Gauntlet | Identified the +0 chain mail "Qirhaqaar" {Stlth+}
 19671 | D:13     | Reached skill level 15 in Fighting
 19677 | D:13     | Received a gift from Okawaru
 20412 | D:13     | Identified the +8 shortbow of Upheaval {drain, Int+4}
 20435 | D:13     | Found Pupamell's Overcharged Wands.
 20959 | Lair:4   | Received a gift from Okawaru
 20983 | Lair:4   | Found a dark tunnel.
 20994 | Volcano  | Entered a volcano
 21220 | Volcano  | Reached XP level 15. HP: 127/141 MP: 15/15
 21225 | Volcano  | Reached skill level 15 in Armour
 21232 | Volcano  | Got Soivi's Parchment of the Blizzard and Movement
 21729 | Lair:4   | Found a viscous altar of Jiyva.
 21729 | Lair:4   | Found a staircase to the Slime Pits.
 21870 | Lair:4   | Reached skill level 19 in Long Blades
 22240 | Lair:5   | Entered Level 5 of the Lair of Beasts
 22315 | Lair:5   | Received a gift from Okawaru
 23574 | Lair:5   | Identified the +0 war axe of Gozag's Envy {speed, ^Drain
                  | rElec rPois Int+2}
 23638 | Lair:5   | Found a corrupted altar of Lugonu.
 23638 | Lair:5   | Found a one-way gate to the infinite horrors of the Abyss.
 23639 | Lair:5   | Received a gift from Okawaru
 23796 | Lair:5   | Identified the +5 scimitar "Woqimeck" {spect, rF+ Will+}
 25733 | D:14     | Found a snail-covered altar of Cheibriados.
 26508 | D:14     | Noticed a tengu reaver
 26512 | D:14     | Reached skill level 15 in Shields
 26523 | D:14     | Killed a tengu reaver
 26523 | D:14     | Received a gift from Okawaru
 27072 | D:14     | Found a gate to the Vaults.
 27495 | D:15     | Entered Level 15 of the Dungeon
 27500 | D:15     | Reached XP level 16. HP: 154/154 MP: 16/16
 27546 | D:15     | Received a gift from Okawaru
 27702 | D:15     | Found a staircase to the Depths.
 27716 | D:15     | Paralysed by something for 5 turns
 27839 | D:15     | Noticed Agnes
 27850 | D:15     | Killed Agnes
 27999 | D:15     | Found a broken altar of Ashenzari.
 29140 | Spider:1 | Entered Level 1 of the Spider Nest
 29163 | Spider:1 | Noticed Donald
 29177 | Spider:1 | Killed Donald
 29292 | Spider:1 | Received a gift from Okawaru
 29516 | Spider:1 | Identified the +0 leather armour of the Forest {rC+ Int+3}
 29540 | Spider:1 | Reached skill level 20 in Long Blades
 30228 | Shoals:1 | Entered Level 1 of the Shoals
 30500 | Shoals:1 | Noticed a kraken
 30516 | Shoals:1 | Killed a kraken
 30696 | Shoals:1 | Received a gift from Okawaru
 32355 | Shoals:2 | Received a gift from Okawaru
 32918 | Shoals:3 | Reached XP level 17. HP: 163/163 MP: 17/17
 32965 | Shoals:3 | Found a runed translucent gate.
 32966 | Shoals:3 | Found a runed translucent gate.
 32967 | Shoals:3 | Found a runed translucent gate.
 32968 | Shoals:3 | Noticed lis82's ghost (adept DgIE)
 33004 | Shoals:3 | Killed from afar by a water nymph

Illustrated notes

Levels and vault maps discovered:
D:1:      lemuel_arrival_behind_the_door_small, layout_loops_ring
D:2:      layout_rooms, shapermc_ecumenical_altar_mp_ritualfount
D:3:      layout_rooms, mainiacjoe_overflow_small_starburst,
          mainiacjoe_overflow_chevrons, xom_teletrap_fun,
          kennysheep_generic_room_16
D:4:      layout_rooms, lightli_temple_of_fire, serial_corexii_hall,
          corexii_hall_statues_l, chequers_hall_statues_corner_a,
          serial_bayou_lagoon_a
D:5:      layout_loops_ring, kennysheep_mini, nzn_wu_jian_council_hall,
          mainiacjoe_overflow_paths, blue_anna_alchemist, uniq_edmund
D:6:      layout_basic
D:7:      layout_gridville, makhleb_blood_cavern_becter,
          minmay_temple_entry_drinking_statues
D:8:      layout_basic, chequers_guarded_unrand_ignorance
D:9:      layout_roguey, kennysheep_orc_sif_temple, overflow_temple_1_default,
          hangedman_abyss_or_decor_lesser_grid
D:10:     layout_cave_pools, hiddenorc1_lemuel, grunt_tough_drop
D:11:     layout_basic, lair_entry_dummy, serial_bayou_pond_b, uniq_erolcha,
          uniq_urug
D:12:     minmay_roctagon, layout_basic, skrybe_limestone_x, uniq_sonja
D:13:     kennysheep_ambush_hall, layout_loops_ring, gauntlet_entry_generic,
          nicolae_shop_overcharged_wands
D:14:     minmay_glassy_protrusions, layout_layer_cave, david_vaults_2,
          cheibriados_altar_2
D:15:     hellmonk_depths_entry_around_the_bend, layout_rooms,
          cheibrodos_ashenzari_chains, patterned_corridor, uniq_agnes
Temple:   nicolae_temple_x_marks_the_god
Lair:1:   layout_loops_ring, cheibrodos_lair_lostbears
Lair:2:   layout_layer_cave, minmay_shoals_entry_hut,
          nicolae_spider_entry_non_spiders, lemuel_oklob_altar,
          lemuel_fruit_fields
Lair:3:   layout_cave_pods, grunt_megastairs_4
Lair:4:   layout_gridlike, dpeg_slime_entry_enclosed,
          nicolae_volcano_entry_lava_flow, st_stairs_13,
          grunt_forest_large_clearings
Lair:5:   hellmonk_lair_end_abyssal_woods, layout_regular_city,
          infiniplex_staircase_pool
Shoals:1: layout_shoals
Shoals:2: layout_shoals, abandoned_shop, nicolae_shoals_flooded_hall
Shoals:3: layout_shoals, gammafunk_ghost_tricky_traps
Spider:1: layout_spider_delve, uniq_donald
Orc:1:    layout_caves, basic_altar, blackcustard_rock_pile
Orc:2:    st_orc_ogre_mass, layout_diamond_mine, serial_shops, shop,
          regret_index_minedec_guest_junction, nicolae_shop_firing_range

Skill      XL: |  1  2  3  4  5  6  7  8  9 10 11 12 13 14 15 16 17 |
---------------+----------------------------------------------------+-----
Shields        | 4 5 7 9 10 11 13 15 18 | 18.2
Armour         | 4 5 6 7 9 10 11 12 13 14 15 16 | 16.4
Long Blades    | 3 5 6 8 10 12 13 15 17 18 19 20 | 20.6
Fighting       | 4 5 6 7 9 10 12 13 15 16 17 18 | 18.0
Dodging        | 1 2 3 4 5 6 |  6.6
Stealth        | 2 3 |  3.1
Invocations    | 1 |  1.5
Evocations     | 1 |  1.7

Action                     |  1- 3 |  4- 6 |  7- 9 | 10-12 | 13-15 | 16-18 || total
---------------------------+-------+-------+-------+-------+-------+-------++-------
  Melee: Long sword        |    48 |       |       |       |       |       ||    48
         Headbutt          |    11 |     6 |    43 |    92 |   267 |   137 ||   556
         Double sword      |    38 |    53 |   226 |   415 |  1005 |   461 ||  2198
 Invoke: Heroism           |       |       |       |     4 |     7 |     3 ||    14
  Evoke: Wand              |       |       |       |     4 |     3 |     8 ||    15
    Use: Scroll            |     3 |       |     8 |     1 |    18 |     4 ||    34
         Potion            |       |       |     3 |       |     8 |       ||    11
   Stab: Paralysed         |       |       |       |     3 |       |       ||     3
 Armour: Scale mail        |    62 |     1 |       |       |       |       ||    63
         Chain mail        |       |    30 |   234 |   255 |   298 |       ||   817
         Plate armour      |       |       |       |       |   389 |   360 ||   749
  Dodge: Dodged            |    58 |    19 |   106 |   144 |   355 |   137 ||   819
  Block: Buckler           |    22 |     7 |    84 |   212 |   224 |       ||   549
         Reflection        |       |       |     1 |     6 |    47 |     9 ||    63
         Kite shield       |       |       |       |       |   376 |   456 ||   832
         Tower shield      |       |       |       |       |   186 |   174 ||   360
